 Dungeon Crawl Stone Soup version 0.29.1-1-gd02db69 (webtiles) character file.

Game seed: 4579949998723949074

150 Vaargak the Chopper (level 5, -1/47 HPs)
             Began as a Draconian Berserker on Sept 24, 2022.
             Was a Believer of Trog.
             Slain by a gnoll
             ... wielding a +0 spear
              (5 damage)
             ... on level 3 of the Dungeon.
             The game lasted 00:20:30 (3204 turns).

Vaargak the Chopper (Draconian Berserker)           Turns: 3204, Time: 00:20:33

Health: -1/47      AC:  5    Str: 21    XL:     5   Next: 10%
Magic:  5/5        EV: 12    Int:  8    God:    Trog [**....]
Gold:   56         SH:  0    Dex: 10    Spells: 4/4 levels left

rFire   . . .      SeeInvis .   a - +0 hand axe
rCold   . . .      Faith    +   (no shield)
rNeg    . . .      Spirit   .   (body armour unavailable)
rPois   .          Reflect  .   (helmet restricted)
rElec   .          Harm     .   (no cloak)
rCorr   .          Rampage  .   (no gloves)
Will    ++...                   (no boots)
Stlth   +.........              c - amulet of faith
HPRegen 1.15/turn               (no ring)
MPRegen 0.09/turn               (no ring)

@: strong-willed, on berserk cooldown, regenerating, slowed, very slow
A: AC +5, unfitting armour, cold-blooded
a: Renounce Religion, Berserk, Trog's Hand


You were on level 3 of the Dungeon.
You worshipped Trog.
Trog was pleased with you.
You visited 1 branch of the dungeon, and saw 3 of its levels.

You collected 56 gold pieces.

Inventory:

Hand Weapons
 a - a +0 hand axe (weapon)
Missiles
 e - a throwing net (quivered)
Jewellery
 b - a +6 ring of intelligence
 c - an amulet of faith (around neck)
Scrolls
 d - a scroll of teleportation
 h - a scroll of identify
Potions
 f - a potion of berserk rage
 g - a potion of flight {unknown}


   Skills:
 + Level 4.3 Fighting
 + Level 4.5 Axes
 + Level 3.3 Dodging
 + Level 0.7 Stealth


You had 4 spell levels left.
You didn't know any spells.
Your spell library was empty.

Dungeon Overview and Level Annotations

Branches:
Dungeon (3/15)

Altars:


Innate Abilities, Weirdness & Mutations

Your plain brown scales are hard. (AC +5)
You cannot fit into any form of body armour.
You are cold-blooded and may be slowed by cold attacks.


Message History

You hit the gnoll.
The gnoll is almost dead.
The gnoll barely misses you. The gnoll closely misses you.
You hit the gnoll.
You kill the gnoll!
Trog accepts your kill.
The gnoll closely misses you. x2; The gnoll misses you.
You barely miss the gnoll. The gnoll closely misses you.
The gnoll barely misses you.
You hit the gnoll but do no damage. The gnoll barely misses you.
The gnoll completely misses you.
The gnoll hits you from afar with a +0 spear.
The gnoll hits you with a +0 club.
You hit the gnoll.
The gnoll is moderately wounded.
The gnoll hits you with a +0 club.
The gnoll hits you from afar with a +0 spear.
The gnoll hits you with a +0 club.
The gnoll hits you from afar with a +0 spear!
* * * LOW HITPOINT WARNING * * *
Your skin crawls.
You feel strong-willed. The gnoll barely misses you.
The gnoll hits you from afar with a +0 spear. x2
* * * LOW HITPOINT WARNING * * *
The gnoll hits you with a +0 club.
* * * LOW HITPOINT WARNING * * *
You slash the gnoll!
Your tail-slap misses the gnoll.
The gnoll is almost dead.
The gnoll barely misses you.
The gnoll hits you from afar with a +0 spear.
* * * LOW HITPOINT WARNING * * *
You completely miss the gnoll.
The gnoll is almost dead.
The gnoll hits you with a +0 club.
* * * LOW HITPOINT WARNING * * *
The gnoll hits you from afar with a +0 spear.
* * * LOW HITPOINT WARNING * * *
The gnoll hits you from afar with a +0 spear.
You die...

#....[.(.....# #
#.######.....# ## #.#
#.....# #. #.# ####### #.
#.# #. #.# #. #.#
#########. #.# #...<...#^
#@# #..####.#.
#g#######..####.#<
...#####g.)†.............
#........>######..####.##
#.##.......# #..####.#
#..#.#..# #.......#
#..#.#..# ######### #.
#.#..# .g .....#


You could see 2 gnolls.

Vanquished Creatures
  An orc wizard (D:2)
  5 gnolls
  2 adders
  A worm (D:2)
  A dart slug (D:2)
  5 orcs
  5 bats
  5 endoplasms
  A giant cockroach (D:2)
  5 hobgoblins
  6 kobolds
  3 quokkas
  4 ball pythons
  2 frilled lizards (D:3)
  3 goblins
  3 rats (D:1)
52 creatures vanquished.

Notes
Turn   | Place    | Note
-------+----------+-------------------------------------------
     0 | D:1      | Vaargak the Draconian Berserker began the quest for the
                  | Orb.
     0 | D:1      | Reached XP level 1. HP: 19/19 MP: 1/1
   688 | D:1      | Reached XP level 2. HP: 25/26 MP: 2/2
  1330 | D:1      | Found a faded altar of an unknown god.
  1507 | D:2      | Reached XP level 3. HP: 15/33 MP: 3/3
  2034 | D:2      | Reached XP level 4. HP: 10/40 MP: 4/4
  2589 | D:2      | Reached ** piety under Trog
  3077 | D:3      | Reached XP level 5. HP: 38/47 MP: 5/5
  3204 | D:3      | Slain by a gnoll

Illustrated notes

Levels and vault maps discovered:
D:1:      ebering_trefoil_twist, layout_basic,
          shapermc_ecumenical_altar_mp_highgroup
D:2:      layout_loops_ring, grunt_decor_fettered,
          amcnicky_mini_rare_corridor_liquid
D:3:      layout_loops_cross, serial_shops, shop

Skill      XL: |  1  2  3  4 |
---------------+-------------+-----
Dodging        | 3 |  3.3
Fighting       | 4 |  4.3
Axes           | 4 |  4.5
Stealth        | |  0.7

Action                   |  1- 3 |  4- 6 || total
-------------------------+-------+-------++-------
Melee: Hand axe          |    74 |    63 ||   137
       Tailslap          |     6 |     9 ||    15
       Punch             |       |     1 ||     1
Invok: Berserk           |     1 |     2 ||     3
       Trog's Hand       |       |     1 ||     1
  Use: Scroll            |     3 |     3 ||     6
       Potion            |     1 |       ||     1
 Stab: Sleeping          |     1 |     1 ||     2
Armor: Skin              |    22 |    20 ||    42
Dodge: Dodged            |    45 |    58 ||   103
